 Dungeon Crawl Stone Soup version 0.28-a0-991-g956f0ee3d5 (webtiles) character file.

Game seed: 12032458136610676003

2301 Blackjack the Destroyer (level 9, -4/65 HPs)
             Began as a Gnoll Conjurer on Dec 4, 2021.
             Was a Follower of Vehumet.
             Slain by a wyvern skeleton (10 damage)
             ... on level 6 of the Dungeon.
             The game lasted 00:40:23 (7748 turns).

Blackjack the Destroyer (Gnoll Conjurer)            Turns: 7748, Time: 00:40:23

Health: -4/65      AC:  4    Str:  6    XL:     9   Next: 40%
Magic:  9/18       EV: 13    Int: 21    God:    Vehumet [*.....]
Gold:   184        SH:  0    Dex: 12    Spells: 14/21 levels left

rFire   . . .      SeeInvis +   w - +3 spear (freeze)
rCold   . . .      Faith    .   (no shield)
rNeg    . . .      Spirit   .   j - +0 leather armour
rPois   .          Reflect  .   g - +0 helmet
rElec   .          Harm     .   (no cloak)
rCorr   .          Rampage  .   (no gloves)
Will    .....                   (no boots)
Stlth   +++.......              (no amulet)
HPRegen 0.20/turn               o - ring of see invisible
MPRegen 0.16/turn               (no ring)

@: about to teleport
A: fangs 1, strong nose, distributed training
a: Renounce Religion


You were on level 6 of the Dungeon.
You worshipped Vehumet.
Vehumet was aware of your devotion.
You visited 2 branches of the dungeon, and saw 7 of its levels.

You collected 184 gold pieces.

Inventory:

Hand Weapons
 r - a +1 vorpal spear
 v - a +3 spear
 w - a +3 spear of freezing (weapon)
Missiles
 k - 3 boomerangs (quivered)
Armour
 a - a +0 robe
 g - a +0 helmet (worn)
 j - a +0 leather armour (worn)
Magical Staves
 x - a staff of air
Jewellery
 o - a ring of see invisible (left hand)
Wands
 s - a wand of iceblast (12)
 u - a wand of acid (6)
Scrolls
 f - 7 scrolls of identify
 i - 3 scrolls of torment {unknown}
 m - a scroll of teleportation
 p - a scroll of acquirement {unknown}
 q - 3 scrolls of amnesia {unknown}
Potions
 b - a potion of attraction {unknown}
 c - a potion of invisibility {unknown}
 d - 2 potions of lignification {unknown}
 e - 3 potions of curing
 h - 2 potions of mutation {unknown}
 n - a potion of degeneration {unknown}
 t - a potion of might {unknown}


   Skills:
 + Level 4.2 Fighting
 + Level 4.2 Short Blades
 + Level 4.2 Long Blades
 + Level 4.2 Axes
 + Level 4.2 Maces & Flails
 + Level 4.2 Polearms
 + Level 4.2 Staves
 + Level 4.2 Slings
 + Level 4.2 Bows
 + Level 4.2 Crossbows
 + Level 4.2 Throwing
 + Level 4.2 Armour
 + Level 6.3 Dodging
 + Level 6.0 Stealth
 + Level 4.2 Shields
 + Level 4.2 Unarmed Combat
 + Level 6.6 Spellcasting
 + Level 8.0 Conjurations
 + Level 3.4 Hexes
 + Level 3.4 Summonings
 + Level 3.4 Necromancy
 + Level 3.4 Translocations
 + Level 3.4 Transmutations
 + Level 3.4 Fire Magic
 + Level 3.4 Ice Magic
 + Level 3.4 Air Magic
 + Level 3.4 Earth Magic
 + Level 3.4 Poison Magic
 + Level 4.6 Invocations
 + Level 4.2 Evocations


You had 14 spell levels left.
You knew the following spells:

 Your Spells              Type           Power      Damage    Failure   Level
a - Magic Dart            Conj           100%       1d8       1%          1
b - Searing Ray           Conj           80%        2d7       1%          2
c - Iskenderun's Mystic   Conj/Tloc      31%        2d8       13%         4

Your spell library contained the following spells:

 Spells                   Type           Power      Damage    Failure   Level
 Shock                    Conj/Air       100%       1d9       1%          1
 Slow                     Hex            84%        N/A       3%          1
 Corpse Rot               Necr/Air       42%        N/A       4%          2
 Poisonous Vapours        Pois/Air       42%        N/A       4%          2
 Dazzling Flash           Conj/Hex       62%        N/A       4%          3
 Confusing Touch          Hex            21%        N/A       10%         3
 Vampiric Draining        Necr           21%        2d7       10%         3
 Fulminant Prism          Conj/Hex       15%        3d11      13%         4


Dungeon Overview and Level Annotations

Branches:
Dungeon (6/15)             Temple (1/1) D:4

Altars:
Ashenzari
Dithmenos
Elyvilon
Fedhas
Hepliaklqana
Kikubaaqudgha
Nemelex Xobeh
Okawaru
Qazlal
Ru
Sif Muna
Trog
Uskayaw
Vehumet
Xom
Yredelemnul
The Shining One

Shops:
D:1 !


Innate Abilities, Weirdness & Mutations

You have very sharp teeth.
Your uncanny sense of smell can sniff out nearby items.
Your experience applies equally to all skills.


Message History

The bullfrog skeleton hits your centaur.
Your orc hits the bullfrog skeleton with a +0 hand axe.
Your orc hits the water moccasin with a +0 hand axe.
It was a potion of curing.
You feel better.
Your centaur barely misses the bullfrog skeleton.
Your centaur completely misses the bullfrog skeleton.
The water moccasin bites your ice beast.
The iguana barely misses you. The wyvern skeleton misses you.
The bullfrog skeleton hits your centaur.
Your centaur hits the bullfrog skeleton.
Your centaur kicks the bullfrog skeleton.
Your orc priest looks braver for a moment.
Your ice beast closely misses the water moccasin.
Your orc hits the bullfrog skeleton with a +0 hand axe!
The bullfrog skeleton is destroyed!
Vehumet accepts your kill.
Your orc closely misses the water moccasin.
Your orc priest misses the water moccasin.
As you read the scroll labelled IXARHEA KINT, it crumbles to dust.
You feel strangely unstable.
It was a scroll of teleportation.
The hound misses you.
The water moccasin bites your ice beast.
Your ice beast is poisoned.
The water moccasin poisons your ice beast!
The wyvern skeleton barely misses you.
The wyvern skeleton bites you but does no damage.
The iguana closely misses you.
Your centaur hits the water moccasin but does no damage.
Your centaur kicks the water moccasin.
The hound barely misses you.
Your orc priest hits the hound with a +0 hand axe.
Your orc priest hits the wyvern skeleton with a +0 hand axe.
Your ice beast closely misses the water moccasin.
Your orc priest barely misses the water moccasin.
Your orc completely misses the water moccasin.
The water moccasin bites your ice beast.
You feel better. The wyvern skeleton bites you!
* * * LOW HITPOINT WARNING * * *
Your centaur hits the water moccasin.
Your centaur kicks the water moccasin.
The wyvern skeleton bites you!
You die...

.#..#...#.<#### #..# #####
∆
.#.#########...##..###...##
.#.# #.....##'##.....# ...#
#.......†.......# #..#
#.....#####.....# #..#
##...##...##...## ##..
##.##.....##§## ...
#.#Zlho...#.# # #.@Z....#.#
#.Yco...#.# # ##oS.o.##.##
#.! ##o..##...##
.....##'##.....#
.......$†.)....#
.S...#####....!# #..
##...## # ∆#####


You could see a water moccasin (ally target), an iguana, a hound (ally target),
2 wyvern skeletons, a friendly ice beast (summoned, very poisoned), a friendly
centaur (summoned), 3 friendly orc priests and 2 friendly orcs.

Vanquished Creatures
  3 sky beasts
  A hornet zombie (D:5)
  A black bear (D:4)
  2 necrophages
  2 ogres
  A centaur (D:6)
  A phantom (D:6)
  2 scorpions
  2 wyvern skeletons (D:6)
  A water moccasin skeleton (D:6)
  4 wights
  A centaur zombie (D:6)
  An orc priest (D:3)
  A bullfrog zombie (D:6)
  5 hounds
  A jelly (D:6)
  A bullfrog skeleton (D:6)
  A gnoll shaman (D:6)
  A centaur skeleton (D:5)
  2 orc wizards (D:4)
  A river rat (D:5)
  16 adders
  14 gnolls
  A shadow imp (D:6)
  An adder skeleton (D:4)
  3 worms
  2 dart slugs
  11 orcs
  10 ball pythons
  5 bats
  10 endoplasms
  15 giant cockroaches
  7 goblins
  5 hobgoblins
  4 jackals (D:2)
  4 quokkas
  3 frilled lizards
  2 kobolds
  5 rats
  A spectral orc (D:3)
154 creatures vanquished.

Vanquished Creatures (collateral kills)
  A jelly (D:6)
  A bullfrog skeleton (D:6)
2 creatures vanquished.

Grand Total: 156 creatures vanquished

Notes
Turn   | Place    | Note
-------+----------+-------------------------------------------
     0 | D:1      | Blackjack the Gnoll Conjurer began the quest for the Orb.
     0 | D:1      | Reached XP level 1. HP: 13/13 MP: 6/6
   131 | D:1      | Reached XP level 2. HP: 19/19 MP: 4/7
   180 | D:1      | Learned a level 2 spell: Searing Ray
   251 | D:1      | Found Econnik's Distillery.
   464 | D:1      | Reached XP level 3. HP: 25/25 MP: 6/9
   783 | D:1      | Reached skill level 5 in Spellcasting
  1190 | D:2      | Reached skill level 1 in Invocations
  1403 | D:2      | Reached skill level 1 in Fighting
  1403 | D:2      | Reached skill level 1 in Short Blades
  1403 | D:2      | Reached skill level 1 in Long Blades
  1403 | D:2      | Reached skill level 1 in Axes
  1403 | D:2      | Reached skill level 1 in Maces & Flails
  1403 | D:2      | Reached skill level 1 in Polearms
  1403 | D:2      | Reached skill level 1 in Staves
  1403 | D:2      | Reached skill level 1 in Slings
  1403 | D:2      | Reached skill level 1 in Bows
  1403 | D:2      | Reached skill level 1 in Crossbows
  1403 | D:2      | Reached skill level 1 in Throwing
  1403 | D:2      | Reached skill level 1 in Armour
  1403 | D:2      | Reached skill level 1 in Shields
  1403 | D:2      | Reached skill level 1 in Unarmed Combat
  1403 | D:2      | Reached skill level 1 in Evocations
  1471 | D:2      | Reached XP level 4. HP: 32/32 MP: 7/11
  1832 | D:2      | Reached skill level 1 in Hexes
  1832 | D:2      | Reached skill level 1 in Summonings
  1832 | D:2      | Reached skill level 1 in Necromancy
  1832 | D:2      | Reached skill level 1 in Translocations
  1832 | D:2      | Reached skill level 1 in Transmutations
  1832 | D:2      | Reached skill level 1 in Fire Magic
  1832 | D:2      | Reached skill level 1 in Ice Magic
  1832 | D:2      | Reached skill level 1 in Air Magic
  1832 | D:2      | Reached skill level 1 in Earth Magic
  1832 | D:2      | Reached skill level 1 in Poison Magic
  2263 | D:3      | Reached XP level 5. HP: 37/37 MP: 2/12
  2608 | D:3      | Learned a level 4 spell: Iskenderun's Mystic Blast
  3318 | D:3      | Found a hazy altar of Hepliaklqana.
  3466 | D:3      | Found a faded altar of an unknown god.
  3487 | D:3      | Reached XP level 6. HP: 41/44 MP: 2/13
  3677 | D:4      | Reached skill level 5 in Dodging
  3946 | D:4      | Noticed a black bear
  3949 | D:4      | Killed a black bear
  3950 | D:4      | Reached XP level 7. HP: 50/50 MP: 10/15
  4247 | D:4      | Found a staircase to the Ecumenical Temple.
  4305 | Temple   | Entered the Ecumenical Temple
  4540 | Temple   | Became a worshipper of Vehumet
  4608 | D:4      | Found a basalt altar of Yredelemnul.
  5348 | D:5      | Entered Level 5 of the Dungeon
  5362 | D:5      | Reached skill level 5 in Stealth
  5459 | D:5      | Reached XP level 8. HP: 57/57 MP: 7/16
  6019 | D:5      | Found a glowing drain.
  6935 | D:6      | Reached * piety under Vehumet
  6935 | D:6      | Offered knowledge of Shock by Vehumet.
  7248 | D:6      | Reached XP level 9. HP: 65/65 MP: 11/18
  7738 | D:6      | Reached skill level 8 in Conjurations
  7745 | D:6      | HP: 3/65 [wyvern skeleton (4)]
  7748 | D:6      | Slain by a wyvern skeleton

Illustrated notes

Levels and vault maps discovered:
D:1:      lemuel_arrival_room, layout_basic, serial_shops, shop_fountains
D:2:      layout_basic
D:3:      minmay_roachtagon, layout_rooms,
          nicolae_hepliaklqana_monster_ancestors,
          nicolae_ecumenical_snake_handling
D:4:      layout_loops_ring, nicolae_overflow_crystal_walls,
          minmay_temple_entry_ruins, glass_columns_a, mrwooster_statue_mirror
D:5:      layout_loops_ring, gup_sewer_entry_bubbles
D:6:      minmay_octagon_keep, layout_rooms, uniq_sigmund
Temple:   regret_index_temple_generic_petals

Skill      XL: |  1  2  3  4  5  6  7  8  9 |
---------------+----------------------------+-----
Spellcasting   | 5 6 |  6.6
Invocations    | 1 2 3 4 |  4.6
Fighting       | 1 2 3 4 |  4.2
Short Blades   | 1 2 3 4 |  4.2
Long Blades    | 1 2 3 4 |  4.2
Axes           | 1 2 3 4 |  4.2
Maces & Flails | 1 2 3 4 |  4.2
Polearms       | 1 2 3 4 |  4.2
Staves         | 1 2 3 4 |  4.2
Slings         | 1 2 3 4 |  4.2
Bows           | 1 2 3 4 |  4.2
Crossbows      | 1 2 3 4 |  4.2
Throwing       | 1 2 3 4 |  4.2
Armour         | 1 2 3 4 |  4.2
Shields        | 1 2 3 4 |  4.2
Unarmed Combat | 1 2 3 4 |  4.2
Evocations     | 1 2 3 4 |  4.2
Hexes          | 1 2 3 |  3.4
Summonings     | 1 2 3 |  3.4
Necromancy     | 1 2 3 |  3.4
Translocations | 1 2 3 |  3.4
Transmutations | 1 2 3 |  3.4
Fire Magic     | 1 2 3 |  3.4
Ice Magic      | 1 2 3 |  3.4
Air Magic      | 1 2 3 |  3.4
Earth Magic    | 1 2 3 |  3.4
Poison Magic   | 1 2 3 |  3.4
Dodging        | 5 6 |  6.3
Stealth        | 5 6 |  6.0
Conjurations   | 8 |  8.0

Action                   |  1- 3 |  4- 6 |  7- 9 || total
-------------------------+-------+-------+-------++-------
Melee: Spear             |       |     8 |     1 ||     9
       Halberd           |       |     3 |       ||     3
Throw: Boomerang         |       |     3 |       ||     3
 Cast: Magic Dart        |    62 |    57 |    18 ||   137
       Searing Ray       |       |    33 |    72 ||   105
  Use: Scroll            |       |       |     3 ||     3
       Potion            |       |       |     2 ||     2
Armor: Leather armour    |       |     8 |    21 ||    29
Dodge: Dodged            |       |    34 |    68 ||   102

Table legend: (Time is in decaauts)
 A = Elapsed time spent in this place.
 B = Non-inter-level travel time spent in this place.
 C = Inter-level travel time spent in this place.
 D = Time resting spent in this place.
 E = Time spent auto-exploring this place.
 F = Levels seen in this place.
 G = Mean time per level.
                   A        B        C        D        E       F      G
               +--------+--------+--------+--------+--------+-----+--------+
         Total |   7782 |   7661 |    121 |   1420 |   5176 |   7 | 1111.7 |
       Dungeon |   7522 |   7425 |     97 |   1420 |   4980 |   6 | 1253.7 |
        Temple |    259 |    235 |     24 |      0 |    196 |   1 |  259.0 |
               +--------+--------+--------+--------+--------+-----+--------+

Top non-repeatable levels by time:
     D:3: 1840 daAuts
     D:5: 1632 daAuts
     D:4: 1241 daAuts
     D:2: 1084 daAuts
     D:1: 925 daAuts
     D:6: 798 daAuts
  Temple: 259 daAuts
